 Dungeon Crawl Stone Soup version 0.30-a0-1035-g38d5fb2972 (webtiles) character file.

Game seed: 18027782971783651055

77 avis the Insei (level 3, -2/29 HPs)
             Began as a Demigod Transmuter on Apr 8, 2023.
             Killed from afar by an orc wizard (6 damage)
             ... with a magic dart
             ... on level 3 of the Dungeon.
             The game lasted 00:06:33 (1510 turns).

avis the Insei (Demigod Transmuter)                 Turns: 1510, Time: 00:06:34

Health: -2/29      AC:  2    Str: 11    XL:     3   Next: 92%
Magic:  8/8        EV: 12    Int: 19    God:
Gold:   151        SH:  0    Dex: 14    Spells: 0/6 levels left

rFire   . . .      SeeInvis .    d - +0 short sword (venom)
rCold   . . .      Faith    .    (no shield)
rNeg    . . .      Spirit   .    a - +0 robe
rPois   .          Reflect  .    p - melded +0 helmet
rElec   .          Rampage  .    (no cloak)
rCorr   .                        (no gloves)
Will    .....                    (boots currently unavailable)
Stlth   ++                       i - amulet of magic regeneration
HPRegen 0.24/turn                (no ring)
MPRegen 0.51/turn                (no ring)

@: appendages (expiring)
A: horns 2, talons 2, high MP 1, forlorn, divine attributes
a: End Transformation


You were on level 3 of the Dungeon.
You had temporarily grown beastly horns and talons.
You visited 1 branch of the dungeon, and saw 3 of its levels.

You collected 151 gold pieces.

Inventory:

Hand Weapons
 d - a +0 short sword of venom (weapon)
 e - a +0 dagger of holy wrath
Missiles
 n - 6 poisoned darts
Armour
 a - a +0 robe (worn)
 p - a +0 helmet (melded)
Jewellery
 i - an amulet of magic regeneration (around neck)
Scrolls
 c - 6 scrolls of identify {unknown}
 f - a scroll of enchant armour {unknown}
 k - 2 scrolls of vulnerability {unknown}
 m - a scroll of fear {unknown}
Potions
 b - a potion of lignification
 g - a potion of mutation {unknown}
 h - 2 potions of curing {unknown}
 j - a potion of haste {unknown}
 l - a potion of degeneration {unknown}
 o - a potion of heal wounds {unknown}


   Skills:
 - Level 2.0 Fighting
 - Level 2.0 Dodging
 - Level 1.0 Stealth
 - Level 3.0 Unarmed Combat
 - Level 2.0 Spellcasting
 * Level 2.8 Transmutations


You couldn't memorise any spells.
You knew the following spells:

 Your Spells              Type           Power      Damage    Failure   Level
a - Beastly Appendage     Tmut           24%        N/A       5%          1
e - Wereblood             Tmut           12%        N/A       8%          2
q - Spider Form           Tmut/Pois      7%         N/A       28%         3

Your spell library contained the following spells:

 Spells                   Type           Power      Damage    Failure   Level
 Magic Dart               Conj           4%         1d3       17%         1
 Searing Ray              Conj           2%         2d4       26%         2
 Ice Form                 Ice/Tmut       7%         N/A       67%         4
 Fulminant Prism          Conj/Hex       0%         3d5       86%         4
 Summon Forest            Summ/Tloc      0%         N/A       99%         5
 Summon Mana Viper        Hex/Summ       1%         N/A       99%         5
 Summon Cactus Giant      Summ           0%         N/A       100%        6


Dungeon Overview and Level Annotations

Branches:
Dungeon (3/15)


Innate Abilities, Weirdness & Mutations

You have temporarily grown beastly horns and talons.
You have an increased reservoir of magic. (+10% MP)
You shall have no god before yourself.
Your divine heritage dramatically boosts your attributes as you level up.


Message History

Your +0 helmet unmelds from your body.
You see here 3 stones.
Done exploring.
Done exploring.
Done exploring.
Search for what [Enter for "."]? .
Done exploring.
There is a stone staircase leading down here.
Casting: Beastly Appendage (safe; 5% risk of failure)
Confirm with . or Enter, or press ? or * to list all spells.
You grow a pair of large bovine horns.
Your feet morph into talons.
Your +0 helmet melds into your body.
Magic restored.
You climb downwards.
Found 10 gold pieces.
There is a stone staircase leading up here.
Found a lumpy orange potion.
The helpless frilled lizard fails to defend itself.
You hit the frilled lizard.
You kill the frilled lizard!
Found a scroll labelled NAIZARGHISON.
A giant cockroach and an orc wizard come into view.
Found an amethyst potion. 2 orcs and an orc priest come into view.
Found a stone staircase leading down.
The orc wizard shouts!
You hear a shout!
The bat hits you but does no damage.
An orc comes into view. It is wielding a +0 club.
The orc shouts! x3; The orc priest shouts!
You hit the bat.
You kill the bat!
The orc priest invokes the aid of Beogh against you.
Beogh smites you!
The orc priest mumbles some strange prayers to Beogh against you.
Beogh smites you!
* * * LOW HITPOINT WARNING * * *
Your transformation is almost over.
The orc wizard points at you and mumbles some strange words.
The magic dart hits you.
You die...

.!#........#
.....o.....#
...........# #
...........# !.
.....o.o...#####...
.......o..........
...........#......
.......o.B...#>.
............@#
..#.................
# ##..###...........
#.. ###+##......
#... #..... #. #....
#... #..


You could see an orc priest, an orc wizard, 3 orcs and a giant cockroach.

Vanquished Creatures
  A hound (D:2)
  5 bats
  2 endoplasms
  2 giant cockroaches (D:1)
  3 goblins (D:1)
  4 hobgoblins
  10 jackals
  A quokka (D:2)
  4 ball pythons
  2 frilled lizards
  5 kobolds
39 creatures vanquished.

Vanquished Creatures (others)
  4 withered plants (D:1)
4 creatures vanquished.

Grand Total: 43 creatures vanquished

Notes
Turn   | Place    | Note
-------+----------+-------------------------------------------
     0 | D:1      | avis the Demigod Transmuter began the quest for the Orb.
     0 | D:1      | Reached XP level 1. HP: 15/15 MP: 5/5
    31 | D:1      | Reached skill level 1 in Fighting
   302 | D:1      | Reached XP level 2. HP: 24/24 MP: 7/7
   364 | D:1      | Reached skill level 3 in Unarmed Combat
   812 | D:2      | Reached skill level 1 in Stealth
   812 | D:2      | Reached XP level 3. HP: 20/29 MP: 8/8
   853 | D:2      | Learned a level 3 spell: Spider Form
   856 | D:2      | Learned a level 2 spell: Wereblood
  1510 | D:3      | Killed from afar by an orc wizard

Illustrated notes

Levels and vault maps discovered:
D:1:      minmay_arrival_hallway, layout_basic,
          ebering_ecumenical_altar_petrified
D:2:      layout_loops_cross, chequers_serial_rivers_small_a
D:3:      layout_rooms, nicolae_overflow_crystal_walls,
          nicolae_overflow_squiral, minmay_misc_feat_hallway, dk_noncrumbling_3,
          uniq_ijyb

Skill      XL: |  1  2 |
---------------+-------+-----
Fighting       | 2 |  2.0
Unarmed Combat | 3 |  3.0
Dodging        | 2 |  2.0
Stealth        | 1 |  1.0
Spellcasting   | 2 |  2.0
Transmutations | 2 |  2.8

Action                     || total
---------------------------++-------
  Melee: Short sword       ||    76
         Kick              ||    25
         Headbutt          ||    11
         Unarmed           ||     2
         Punch             ||     2
   Cast: Beastly Appendage ||    26
   Stab: Sleeping          ||     1
 Armour: Robe              ||    15
  Dodge: Dodged            ||    47

Table legend: (Time is in decaauts)
 A = Elapsed time spent in this place.
 B = Non-inter-level travel time spent in this place.
 C = Inter-level travel time spent in this place.
 D = Time resting spent in this place.
 E = Time spent auto-exploring this place.
 F = Levels seen in this place.
 G = Mean time per level.
                   A        B        C        D        E       F      G
               +--------+--------+--------+--------+--------+-----+--------+
         Total |   1509 |   1410 |     99 |    122 |    917 |   3 |  503.0 |
       Dungeon |   1509 |   1410 |     99 |    122 |    917 |   3 |  503.0 |
               +--------+--------+--------+--------+--------+-----+--------+

Top non-repeatable levels by time:
     D:1: 780 daAuts
     D:2: 716 daAuts
     D:3: 11 daAuts
